 Dungeon Crawl Stone Soup version bcrawl-1.39.1 (webtiles) character file.

Game seed: 1350665908541931413

87419 Finalfun the Gusty (level 2, -2/20 HPs)
             Began as a Djinni Air Elementalist on Sept 21, 2023.
             Slain by a worm (8 damage)
             ... on level 1 of the Dungeon.
             The game lasted 00:03:37 (436 turns).

Finalfun the Gusty (Djinni Air Elementalist)         Turns: 436, Time: 00:03:37

Health: -2/20      AC:  2    Str: 10    XL:     2   Next: 6%
Magic:  1/6        EV: 12    Int: 17    God:
Gold:   10         SH:  0    Dex: 11    Spells: 4/7 levels left

rFire    . . .     GDR:     23%   - Fists (3.0)
rCold    . . .     SeeInvis .   (no shield)
rNeg     . . .     Gourm    .   a - +0 robe
rPois    .         Faith    .   (no helmet)
rElec    .         Spirit   .   (no cloak)
rCorr    .         Reflect  .   (no gloves)
MR       .....     Rnd*Rage +   (boots unavailable)
Stlth    ++........             (no amulet)
HPRegen  0.13/turn              (no ring)
MPRegen  0.10/turn              (no ring)

@: flying
A: never pass out, berserk 2, blurry vision 2, wild magic 1, MP-powered wands,
floating
a: no special abilities


You were on level 1 of the Dungeon.
You were not hungry.

You visited 1 branch of the dungeon, and saw 1 of its levels.

You collected 10 gold pieces.

Inventory:

Missiles
 g - 135 poisoned needles
Armour
 a - a +0 robe (worn)
 f - a +0 helmet
Jewellery
 b - the ring of Hepliaklqana's Envy {+Fly Slay+3, unknown}
   (You found it on level 1 of the Dungeon)

   [ring of flight]

   It affects your accuracy and damage with ranged weapons and melee attacks
   (+3).
   It lets you fly.
Scrolls
 h - a scroll of remove curse {unknown}
 i - a scroll of identify
 j - a scroll of fog {unknown}
Potions
 c - a potion of flight
 d - a potion of resistance
Comestibles
 e - 2 rations {!d}


   Skills:
 + Level 0.2 Fighting
 - Level 2.0 Dodging
 - Level 2.0 Stealth
 - Level 3.0 Spellcasting
 + Level 1.1 Conjurations
   Level 1.0 Charms
 - Level 4.0 Air Magic


You had 4 spell levels left.
You knew the following spells:

 Your Spells              Type           Power        Failure   Level  Hunger
a - Static Discharge      Air            ###...       5%          1    None
b - Shock                 Conj/Air       ##.....      14%         2    #......

Your spell library contained the following spells:

 Spells                   Type           Power        Failure   Level  Hunger
 Swiftness                Chrm/Air       ##......     14%         2    #......
 Mephitic Cloud           Conj/Pois/Air  ##......     34%         3    ####...
 Lightning Bolt           Conj/Air       ##......     61%         4    #####..


Dungeon Overview and Level Annotations

Branches:
Dungeon (1/12)

Altars:


Innate Abilities, Weirdness & Mutations

You never pass out after going berserk.
You often lose your temper in combat.
Scrolls take you longer to read.
Your spells are a little harder to cast, but a little more powerful.
You expend magic power (3 MP) to strengthen your wands.
Your body floats in the air.


Message History

You hit the worm.
The worm is lightly wounded.
The worm misses you.
You hit the worm.
The worm is lightly wounded.
Casting: Shock (safe; 14% risk of failure)
Confirm with . or Enter, or press ? or * to list all spells.
The worm is struck by an arc of lightning.
The worm is moderately wounded.
You are struck by an arc of lightning.
The worm bites you.
You hit the worm.
The worm is heavily wounded.
You barely miss the worm.
The worm is heavily wounded.
The worm bites you.
* * * LOW HITPOINT WARNING * * *
You hit the worm.
The worm is heavily wounded.
The worm bites you!
You die...

. .... .###... .#....#
############ .+....#
#....##....# .#>...#
#.[..##.##.#
......####w#....##.##.#
..#...)....#........#.#
..#.########.#####.##.###
#...............@w.##.#.###
....##########.###.#......#
....# #.# #.#.###### ....#
#.###.#.# #+### #.......#
#.####### ##.# #..# ##.##


You could see a worm.

Vanquished Creatures
  3 leopard geckos (D:1)
  A goblin (D:1)
  A hobgoblin (D:1)
  A bat (D:1)
6 creatures vanquished.

Notes
Turn   | Place    | Note
-------+----------+-------------------------------------------
     0 | D:1      | Finalfun the Djinni Air Elementalist began the quest for
                  | the Orb.
     0 | D:1      | Reached XP level 1. HP: 14/14 MP: 4/4
     9 | D:1      | Got a flickering ivory ring
   155 | D:1      | Reached skill level 4 in Air Magic
   155 | D:1      | Reached XP level 2. HP: 8/20 MP: 0/6
   220 | D:1      | Learned a level 2 spell: Shock
   436 | D:1      | Slain by a worm

Skill      XL: |  1 |
---------------+----+-----
Stealth        | 2 |  2.0
Air Magic      | 4 |  4.0
Fighting       | |  0.2
Dodging        | |  2.0
Spellcasting   | |  3.0
Conjurations   | |  1.1
Charms         | |  1.0

Action                   || total
-------------------------++-------
Melee: Unarmed           ||    17
 Cast: Static Discharge  ||    13
       Shock             ||     6
Armor: Robe              ||     1
Dodge: Dodged            ||    15
